AoeStats
← Andrew

MegaRandom

510250988Analyzed
2v2 RM · 2d ago on Sep 30, 2026· 57m 39s· 4 players
Game mode
Random Map
Map size
Medium (4 player)
Population
200
Speed
Normal
Resources
Standard
Victory
Conquest
Starting age
Dark Age
Ending age
Imperial Age
RankedLock teamsTeams togetherTeam positionsShared explorationLock speedFull tech treeHidden civsTurbo modeCheats
Victory
Defeat
🇻🇪 Spanish · Venezuela
845
+14
🇻🇪 Teutons · Venezuela
830
+15
🇲🇽 Vikings · Mexico
831
-16
🇲🇽 Khmer · Mexico
776
-13
LeonMike_
4:02 Loom
10:44 Feudal Age
12:13 Wheelbarrow
11:24 Double-Bit Axe
12:35 Town Watch
12:38 Horse Collar
21:39 Castle Age
21:25 Fletching
21:36 Padded Archer Armor
21:43 Elite Skirmisher
23:02 Hand Cart
23:00 Bow Saw
22:55 Gold Mining
23:52 Bodkin Arrow
29:09 Town Patrol
38:09 Imperial Age
36:05 Leather Archer Armor
36:01 Forging
37:03 Scale Barding Armor
37:05 Stone Mining
37:51 Gold Shaft Mining
40:23 Ballistics
41:07 Chemistry
40:14 Siege Engineers
40:20 Masonry
40:06 Murder Holes
42:37 Pikeman
43:56 Iron Casting
43:43 Chain Barding Armor
43:25 Bracer
45:52 Halberdier
46:38 Scale Mail Armor
48:07 Conscription
48:22 Architecture
51:15 Hoardings
52:54 Sappers
Cid Kuino
2:31 Loom
10:58 Feudal Age
11:31 Double-Bit Axe
11:31 Horse Collar
11:55 Man-at-Arms
16:03 Forging
16:37 Arson
19:53 Fletching
21:13 Padded Archer Armor
25:05 Castle Age
23:35 Town Watch
26:20 Squires
27:41 Bodkin Arrow
27:08 Long Swordsman
27:09 Pikeman
32:12 Iron Casting
31:04 Crossbowman
46:24 Treadmill Crane
47:40 Bow Saw
48:00 Gold Mining
49:58 Scale Mail Armor
51:18 Stone Mining
53:16 Chain Mail Armor
55:36 Gold Shaft Mining
Andrew
0:35 Loom
16:02 Feudal Age
16:11 Man-at-Arms
17:35 Wheelbarrow
21:21 Double-Bit Axe
26:16 Castle Age
24:14 Horse Collar
24:57 Arson
25:37 Forging
25:28 Scale Mail Armor
30:14 Hand Cart
30:44 Gambesons
31:02 Squires
31:11 Gold Mining
32:16 Stone Mining
45:00 Bow Saw
49:48 Iron Casting
49:30 Chain Mail Armor
52:13 Heavy Plow
54:02 Town Watch
56:56 Imperial Age
57:33 Capped Ram
58:38 Conscription
57:38 Elite Teutonic Knight
juan
6:32 Loom
11:16 Feudal Age
11:42 Feudal Age
16:48 Castle Age
24:40 Forging
24:35 Padded Archer Armor
26:12 Forging
26:20 Leather Archer Armor
30:58 Fervor
35:00 Bloodlines
34:51 Husbandry
35:05 Forging
35:00 Scale Barding Armor
37:18 Iron Casting
37:08 Chain Barding Armor
42:21 Horse Collar
42:29 Double-Bit Axe
45:43 Imperial Age
46:24 Heavy Plow
46:37 Bow Saw
47:03 Wheelbarrow
46:15 Town Watch
47:17 Cavalier
48:54 Hand Cart
49:55 Chemistry
49:15 Ballistics
49:59 Blast Furnace
49:35 Plate Barding Armor
49:26 Paladin
51:43 Redemption
53:13 Two-Man Saw
53:23 Inquisition
53:44 Block Printing
56:28 Supremacy
56:29 Conscription
Connection lost

Rejoining the realm…

Still unreachable

The connection could not be restored.

Session expired

The server has moved on; the page needs a fresh start.